 Dungeon Crawl Stone Soup version 0.19-a0-1107-gc676ff4 (webtiles) character file.

21 seren the Bolt Thrower (level 3, 0/23 HPs)
             Began as a Kobold Hunter on Aug 9, 2016.
             Succumbed to an adder's poison
             ... on level 2 of the Dungeon.
             The game lasted 00:04:00 (1401 turns).

seren the Bolt Thrower (Kobold Hunter)              Turns: 1401, Time: 00:04:00

Health: 0/23       AC:  3    Str: 11    XL:     3   Next: 2%
Magic:  3/3        EV: 14    Int: 14    God:
Gold:   52         SH:  6    Dex: 16    Spells: 0 memorised, 2 levels left

rFire  . . .     SeeInvis .     a - +1 hand crossbow
rCold  . . .     Gourm    .     c - +0 leather armour
rNeg   . . .     Faith    .     i - +2 buckler
rPois  .         Spirit   .     (no helmet)
rElec  .         Dismiss  .     (no cloak)
rCorr  .         Reflect  .     (no gloves)
SustAt .         Harm     .     (no boots)
MR     .....                    (no amulet)
Stlth  +++.......               (no ring)
                                k - ring of stealth

@: brilliant, lethally poisoned (0 -> -8), very slightly contaminated, hasted,
very quick
A: carnivore 3
a: no special abilities


You were on level 2 of the Dungeon.
You were completely stuffed.

You visited 1 branch of the dungeon, and saw 2 of its levels.

You collected 52 gold pieces.

Inventory:

Hand Weapons
 a - a +1 hand crossbow (weapon)
 b - a +0 short sword
Missiles
 d - 37 bolts (quivered)
 n - 70 stones
Armour
 c - a +0 leather armour (worn)
 i - a +2 buckler (worn)
Jewellery
 k - a ring of stealth (left hand)
Scrolls
 g - a scroll of teleportation {unknown}
 h - a scroll of enchant armour {unknown}
 j - 3 scrolls of remove curse {unknown}
 p - a scroll of identify {unknown}
 r - a scroll of immolation {unknown}
Potions
 m - a potion of degeneration {unknown}
 o - a potion of flight {unknown}
Comestibles
 f - a meat ration


   Skills:
 + Level 3.1 Fighting
 + Level 1.8 Short Blades
 - Level 4.8 Crossbows
 - Level 2.4 Dodging
 - Level 1.3 Stealth


You had 2 spell levels left.
You didn't know any spells.

Dungeon Overview and Level Annotations

Branches:
Dungeon (2/15)

Altars:


Innate Abilities, Weirdness & Mutations

You are small and have problems with some larger weapons.
You are carnivorous and can eat meat at any time.


Message History

Press: ? - help, Shift-Dir - straight line, f/p - adder
Aim: an adder (severely wounded)
You shoot a bolt. The bolt barely misses the adder.
You block the adder's attack. x2
It was a potion of brilliance.
You feel clever all of a sudden.
* * * LOW HITPOINT WARNING * * *
You feel sick. The adder barely misses you.
It was a potion of haste.
You feel yourself speed up. The adder bites you.
* * * LOW HITPOINT WARNING * * *
You are more poisoned.
The adder poisons you!
You are very lightly contaminated with residual magic.
* * * LOW HITPOINT WARNING * * *
You feel sick.
Firing (i - inventory. (,) - cycle):
d - 38 bolts (quivered)
Press: ? - help, Shift-Dir - straight line, f/p - adder
Aim: an adder (severely wounded)
You shoot a bolt. The bolt barely misses the adder.
You die...

#.# .. #.# #.# #.#
.. #.# #.###.#
..##.# #######
#.##.#
.......#####.##.#
...?...@S(%...((#
.......###.#....#
...........#....#
##########.#).#....
..#.$......
###........#
.##?...=.# #J
##.....#


You could see an adder.

Vanquished Creatures
  A dart slug (D:1)
  A giant gecko (D:1)
  A ball python (D:1)
  3 goblins
  2 hobgoblins (D:1)
  4 bats
  2 giant newts
  A kobold (D:1)
  3 rats (D:1)
18 creatures vanquished.

Notes
Turn   | Place    | Note
-------+----------+-------------------------------------------
     0 | D:1      | seren the Kobold Hunter began the quest for the Orb.
     0 | D:1      | Reached XP level 1. HP: 12/12 MP: 1/1
   436 | D:1      | Reached skill level 1 in Short Blades
   480 | D:1      | Reached XP level 2. HP: 14/18 MP: 2/2
  1212 | D:2      | Reached XP level 3. HP: 20/23 MP: 3/3
  1400 | D:2      | HP: 1/23 [poisoned by an adder]
  1401 | D:2      | Succumbed to an adder's poison

Vault maps used:
D:1:      nicolae_arrival_washed_ashore
D:2:      minitemple, lemuel_doored_altar

Skill      XL: |  1  2 |
---------------+-------+-----
Short Blades   | 1 |  1.8
Fighting       | 3 |  3.1
Crossbows      | |  4.8
Dodging        | |  2.4
Stealth        | |  1.3

Action                   || total
-------------------------++-------
Melee: Short sword       ||    71
 Fire: Hand crossbow     ||     9
  Use: Potion            ||     2
 Stab: Sleeping          ||     1
  Eat: Chunk             ||    10
Armor: Leather armour    ||     6
Dodge: Dodged            ||    46
Block: Buckler           ||    20
